 Dungeon Crawl Stone Soup version 0.31-a0-1178-gc5c9b8f871 (webtiles) character file.

Game seed: 16355457427202408670

15451 night the Soothsayer (level 12, -2/91 HPs)
             Began as a Demonspawn Earth Elementalist on Dec 10, 2023.
             Was a Priest of Nemelex Xobeh.
             Succumbed to barbed spike wounds
             ... on level 1 of the Orcish Mines on Dec 11, 2023.
             The game lasted 00:53:51 (16637 turns).

night the Soothsayer (DsEE)                        Turns: 16637, Time: 00:53:51

Health: -2/91      AC: 10    Str: 13    XL:     12   Next: 1%
Magic:  3/24       EV: 14    Int: 23    God:    Nemelex Xobeh [***...]
Gold:   816        SH:  4    Dex: 15    Spells: 3/27 levels left

rFire   . . .        w - +3 rapier
rCold   . . .        d - +0 buckler
rNeg    + . .        n - +5 leather armour of the Stonemason {rN+ Str+4}
rPois   .            N - +0 helmet
rElec   .            (no cloak)
rCorr   .            p - +0 pair of gloves
SInv    .            (no boots)
Will    +....        (no amulet)
Stlth   ++           e - ring of wizardry
HPRegen 0.35/turn    y - ring of willpower
MPRegen 0.19/turn

%: wizardry (x1)
@: lethally poisoned (-2 -> -25), spiked
A: demonic guardian 1, spiny 2, big brain 2, demonic touch 2
a: Renounce Religion, Draw Escape, Draw Destruction, Draw Summoning, Triple Draw


You were on level 1 of the Orcish Mines.
You worshipped Nemelex Xobeh.
Nemelex Xobeh was most pleased with you.
You visited 3 branches of the dungeon, and saw 12 of its levels.
You also visited: Bailey.

You collected 816 gold pieces.

Inventory:

Hand Weapons
 i - a +0 dagger
 w - a +3 rapier (weapon)
Missiles
 f - 89 stones
 s - 49 poisoned darts
 t - 2 javelins
 F - 3 throwing nets
 Q - a boomerang
Armour
 a - a +0 robe
 d - a +0 buckler (worn)
 n - the +5 leather armour of the Stonemason (worn) {rN+ Str+4}
   (You found it on level 2 of the Dungeon)

   Str+4:     It affects your strength (+4).
   rN+:       It protects you from negative energy.
 p - a +0 pair of gloves (worn)
 N - a +0 helmet (worn)
Magical Staves
 L - a staff of death
Jewellery
 e - a ring of wizardry (left hand)
 m - a ring of poison resistance
 y - a ring of willpower (right hand)
 B - a ring of see invisible
Wands
 q - a wand of charming (7)
 z - a wand of roots (5)
 A - a wand of mindburst (11)
 K - a wand of acid (9)
 M - a wand of digging (2)
 P - a wand of polymorph (4)
Scrolls
 c - 6 scrolls of teleportation
 g - 4 scrolls of fear
 k - a scroll of summoning
 l - a scroll of vulnerability
 o - 3 scrolls of immolation
 u - a scroll of noise
 v - 2 scrolls of enchant weapon
 C - a scroll of brand weapon
 E - a scroll of amnesia
 H - a scroll of revelation
Potions
 b - 2 potions of magic
 h - 2 potions of lignification
 j - a potion of mutation
 r - a potion of berserk rage
 x - 5 potions of brilliance
 D - 3 potions of might {unknown}
 G - 3 potions of heal wounds {unknown}
 I - 2 potions of haste {unknown}
 J - a potion of cancellation {unknown}
 O - a potion of curing {unknown}


   Skills:
 + Level 7.3 Fighting
 + Level 6.9 Dodging
 - Level 3.3 Stealth
 + Level 8.4 Spellcasting
 + Level 7.7 Conjurations
 - Level 0.8 Transmutations
 + Level 7.2 Earth Magic
 + Level 6.1 Poison Magic
 - Level 8.4 Invocations


You had 3 spell levels left.
You knew the following spells:

 Your Spells              Type           Power      Damage    Failure   Level
a - Sandblast             Erth           86%        2d18      1%          1
b - Stone Arrow           Conj/Erth      88%        3d12      1%          3
c - Brom's Barrelling Bo  Conj/Erth      44%        2d6       2%          4
d - Olgreb's Toxic Radia  Pois           37%        N/A       4%          4
e - Mephitic Cloud        Conj/Pois/Air  30%        N/A       2%          3
f - Lee's Rapid Deconstr  Erth           21%        3d12*     7%          5
g - Petrify               Tmut/Erth      28%        N/A       9%          4

Your spell library contained the following spells:

 Spells                   Type           Power      Damage    Failure   Level
 Magic Dart               Conj           100%       1d8       1%          1
 Sting                    Tmut/Pois      100%       1d8       1%          1
 Momentum Strike          Conj/Tloc      54%        3d9       1%          2
 Passwall                 Tmut/Erth      23%        N/A       1%          2
 Poisonous Vapours        Pois/Air       46%        N/A       2%          2
 Blink                    Tloc           18%        N/A       8%          2
 Call Imp                 Summ           18%        N/A       8%          2
 Lesser Beckoning         Tloc           18%        N/A       8%          2
 Frozen Ramparts          Ice            18%        1d3       16%         3
 Arcjolt                  Conj/Air       13%        1d23      26%         5
 Metabolic Englaciation   Hex/Ice        4%         N/A       77%         5
 Summon Forest            Summ/Tloc      4%         N/A       77%         5
 Summon Mana Viper        Hex/Summ       9%         N/A       77%         5
 Conjure Ball Lightning   Conj/Air       13%        3x3d6     80%         6
 Summon Cactus Giant      Summ           4%         N/A       99%         6
 Lehudib's Crystal Spear  Conj/Erth      22%        10d6      100%        8


Dungeon Overview and Level Annotations

Branches:
Dungeon (10/15)            Temple (1/1) D:6            Lair (0/5) D:10
    Orc (1/2) D:9          Bailey (visited)

Altars:
Ashenzari
Cheibriados
Dithmenos
Fedhas
Gozag
Hepliaklqana
Kikubaaqudgha
Makhleb
Nemelex Xobeh
Okawaru
Qazlal
Ru
Sif Muna
Trog
Uskayaw
Vehumet
Wu Jian
Xom
Yredelemnul

Shops:
D:10 [

Annotations:
D:9 3 runed translucent doors, exclusion: statue, t4s4d4r's ghost, novice OpSh


Innate Abilities, Weirdness & Mutations

A weak demonic guardian rushes to your aid.
You are mostly covered in sharp spines.
You have an extremely huge brain. (Int +4)
Your touch may inflict irresistible damage on your foes.


Message History

You block the ice devil's attack. You block the red devil's attack.
Casting: Stone Arrow (safe; 1% risk of failure)
Confirm with . or Enter, or press ? or * to list all spells.
Aiming: Stone Arrow (safe; 1% risk of failure)
Press: ? - help, Shift-Dir - straight line, f/p - orc high priest
Aim: an orc high priest, wielding a +0 halberd (heavily wounded, very poisoned, 70% to hit)
The stone arrow hits the orc high priest!
The orc high priest is severely wounded.
The orc high priest mumbles some strange prayers to Beogh against you.
Beogh smites you!
The hellwing hits you but does no damage.
The hellwing closely misses you. You block the ice devil's attack.
The red devil hits you from afar with a +2 demon trident of venom.
Barbed spikes become lodged in your body.
You are poisoned.
Okay, then.
The barbed spikes dig painfully into your body as you move.
You feel very sick.
The orc high priest mumbles some strange prayers to Beogh against you.
Beogh smites you!
* * * LOW HITPOINT WARNING * * *
A demonic guardian appears!
The hellwing hits you.
* * * LOW HITPOINT WARNING * * *
The hellwing hits you but does no damage.
You block the ice devil's attack. You block the red devil's attack.
There is a staircase back to the Dungeon, spattered with blood here.
Things that are here:
a +0 chain mail; a +0 war axe You feel sick.
The orc high priest barely misses you.
The hellwing hits you but does no damage.
The hellwing barely misses you.
The red devil hits you from afar with a +2 demon trident of venom!
* * * LOW HITPOINT WARNING * * *
Barbed spikes become lodged in your body.
You are more poisoned.
The ice devil misses you.
Your white imp hits the red devil but does no damage.
The barbed spikes dig painfully into your body as you move.
You die...
Your body disappears without a glow.

#.....#..##
#####)##..#
##........## ###
#........## ##.##
##......## ###...#
##[###.### #..#.##
##[[[####
###....######.#[##
#.#.....#.##..[4@#
#......#...)..44[###
#.>...###.....o5##.##
#.....#.............#
.oo.........(.#.....##
.#.#.........##......#
.)#...#.....#####..###
...#........##.#.....#
..##...##...##.....###


You could see an orc high priest (very poisoned), a hellwing (summoned), an ice
devil (summoned), a red devil (summoned, ally target) and a friendly white imp
(summoned).

Vanquished Creatures
  A spark wasp (Bailey)
  Harold (D:9)
  2 two-headed ogres
  3 orc knights
  An orc sorcerer (Orc:1)
  Joseph (D:9)
  Jeremiah (D:7)
  2 hornets (D:9)
  4 trolls
  9 yaks
  Sigmund (D:2)
  2 steam dragons
  3 wargs (D:9)
  A water moccasin (D:5)
  Duvessa (D:7)
  24 orc warriors
  3 sky beasts
  An ice beast (D:8)
  2 ogres (D:6)
  3 centaurs
  A phantom (D:6)
  4 kobold brigands
  5 bullfrogs
  A gnoll sergeant (D:9)
  2 scorpions
  8 wights
  Dowan (D:7)
  15 killer bees
  9 howler monkeys
  7 orc priests
  3 hounds
  A jelly (D:7)
  4 gnoll boudas
  6 iguanas
  Terence (D:2)
  A sleepcap (D:4)
  Natasha (thrice) (D:3)
  6 orc wizards
  Robin (D:2)
  35 gnolls
  6 adders
  2 white imps
  A worm (D:3)
  5 dart slugs
  32 orcs
  3 bats
  3 endoplasms
  4 giant cockroaches
  25 goblins
  12 hobgoblins
  2 jackals (D:2)
  31 kobolds
  7 quokkas
  13 ball pythons
  2 frilled lizards
  9 rats
337 creatures vanquished.

Vanquished Creatures (collateral kills)
  Grinder (D:5)
  An ice beast (D:5)
  A wight (D:6)
  An orc (D:6)
  2 kobolds (D:8)
  39 boulders
45 creatures vanquished.

Vanquished Creatures (others)
  24 boulders
24 creatures vanquished.

Grand Total: 406 creatures vanquished

Notes
Turn   | Place    | Note
-------+----------+-------------------------------------------
     0 | D:1      | night the Demonspawn Earth Elementalist began the quest for
                  | the Orb.
     0 | D:1      | Reached XP level 1. HP: 13/13 MP: 3/3
    90 | D:1      | Reached skill level 1 in Fighting
   298 | D:1      | Gained mutation: Your touch may inflict minor irresistible
                  | damage on your foes. [demonic ancestry]
   298 | D:1      | Reached XP level 2. HP: 21/21 MP: 3/5
   388 | D:1      | Reached skill level 2 in Stealth
   490 | D:1      | Reached skill level 2 in Dodging
   773 | D:1      | Gained mutation: You are partially covered in sharp spines.
                  | [demonic ancestry]
   773 | D:1      | Reached XP level 3. HP: 26/26 MP: 4/6
  1176 | D:1      | Found a faded altar of an unknown god.
  1252 | D:2      | Noticed Sigmund
  1259 | D:1      | Learned a level 3 spell: Stone Arrow
  1427 | D:2      | Killed Sigmund
  1428 | D:2      | Reached skill level 2 in Fighting
  1428 | D:2      | Gained mutation: You are mostly covered in sharp spines.
                  | [demonic ancestry]
  1428 | D:2      | Reached XP level 4. HP: 28/34 MP: 3/8
  1428 | D:2      | Reached XP level 5. HP: 33/39 MP: 3/9
  1545 | D:2      | Identified the +5 leather armour of the Stonemason {rN+
                  | Str+4}
  1616 | D:2      | Noticed Robin
  1629 | D:2      | Killed Robin
  2116 | D:2      | Noticed Terence
  2135 | D:2      | Killed Terence
  2381 | D:3      | Reached XP level 6. HP: 46/46 MP: 7/10
  2416 | D:3      | Noticed Natasha
  2421 | D:3      | Killed Natasha
  2713 | D:3      | Noticed Natasha
  2718 | D:3      | Killed Natasha
  2779 | D:3      | Noticed Natasha
  2782 | D:3      | Killed Natasha
  3520 | D:4      | Reached skill level 1 in Conjurations
  3666 | D:4      | Reached skill level 2 in Conjurations
  3671 | D:4      | Reached XP level 7. HP: 47/51 MP: 5/12
  3915 | D:4      | Learned a level 4 spell: Brom's Barrelling Boulder
  3928 | D:4      | Found a snail-covered altar of Cheibriados.
  3964 | D:4      | Found a broken altar of Ashenzari.
  4056 | D:4      | Found an ancient bone altar of Kikubaaqudgha.
  4402 | D:4      | Found a burning altar of Makhleb.
  4405 | D:4      | Noticed a green death
  4429 | D:4      | Found a sparkling altar of Nemelex Xobeh.
  4435 | D:4      | Became a worshipper of Nemelex Xobeh the Trickster
  4576 | D:5      | Entered Level 5 of the Dungeon
  4576 | D:5      | Noticed Grinder
  4582 | D:5      | Learned a level 4 spell: Petrify
  4766 | D:5      | Found a shadowy altar of Dithmenos.
  5401 | D:5      | Killed Grinder
  5402 | D:5      | Gained mutation: Your touch may inflict irresistible damage
                  | on your foes. [demonic ancestry]
  5402 | D:5      | Reached XP level 8. HP: 48/60 MP: 8/13
  5820 | D:5      | Reached skill level 5 in Conjurations
  5911 | D:5      | Reached skill level 5 in Earth Magic
  6193 | D:6      | Found a staircase to the Ecumenical Temple.
  6331 | D:6      | Reached * piety under Nemelex Xobeh
  6357 | Temple   | Entered the Ecumenical Temple
  6575 | D:6      | Reached skill level 5 in Fighting
  6607 | D:6      | Received a gift from Nemelex Xobeh
  6632 | D:6      | Reached skill level 5 in Dodging
  6837 | D:6      | Reached XP level 9. HP: 68/68 MP: 1/14
  7612 | D:7      | Noticed Jeremiah
  8289 | D:7      | Noticed Dowan
  8290 | D:7      | Noticed Duvessa
  8291 | D:7      | Killed Dowan
  8300 | D:7      | Killed Duvessa
  8837 | D:7      | Killed Jeremiah
  9203 | D:8      | Gained mutation: You have an unusually large brain. (Int
                  | +2) [demonic ancestry]
  9203 | D:8      | Reached XP level 10. HP: 27/75 MP: 10/15
  9243 | D:8      | Found a flagged portal.
  9248 | D:8      | Reached ** piety under Nemelex Xobeh
  9250 | Bailey   | Entered a bailey
  9532 | Bailey   | Reached skill level 1 in Invocations
  9621 | Bailey   | Reached skill level 2 in Invocations
 10013 | Bailey   | Learned a level 3 spell: Mephitic Cloud
 10058 | Bailey   | Reached skill level 5 in Invocations
 10428 | Bailey   | Noticed an orc warlord
 10484 | Bailey   | an orc warlord changed into a spark wasp
 10484 | Bailey   | Noticed a spark wasp
 10485 | Bailey   | HP: 5/77 [spark wasp/living lightning (9)]
 10489 | Bailey   | HP: 1/115 [spark wasp (9)]
 10490 | Bailey   | Killed a spark wasp
 10835 | D:8      | Acquired Telane's Precepts of Forceful Oromancy
 10884 | D:8      | Upgraded the game from 0.31-a0-1172-g9944ec47dd to
                  | 0.31-a0-1178-gc5c9b8f871
 11182 | D:8      | Reached skill level 1 in Poison Magic
 11311 | D:8      | Found a hazy altar of Hepliaklqana.
 11733 | D:8      | Found a shimmering blue altar of Sif Muna.
 11825 | D:8      | Found an iron altar of Okawaru.
 11841 | D:8      | Found a bloodstained altar of Trog.
 11938 | D:9      | Noticed Joseph
 11940 | D:9      | Noticed a two-headed ogre
 11955 | D:9      | Killed Joseph
 11955 | D:9      | Killed a two-headed ogre
 11956 | D:9      | Reached skill level 5 in Spellcasting
 11956 | D:9      | Reached skill level 2 in Poison Magic
 12127 | D:9      | Gained mutation: A weak demonic guardian rushes to your
                  | aid. [demonic ancestry]
 12127 | D:9      | Reached XP level 11. HP: 79/83 MP: 12/19
 12261 | D:9      | Received a gift from Nemelex Xobeh
 12287 | D:9      | Found a blossoming altar of Fedhas.
 12327 | D:9      | Found a runed translucent gate.
 12328 | D:9      | Found a runed translucent gate.
 12329 | D:9      | Found a runed translucent gate.
 12336 | D:9      | Found a radiant altar of Vehumet.
 12621 | D:9      | Found a staircase to the Orcish Mines.
 12643 | D:9      | Reached *** piety under Nemelex Xobeh
 12743 | D:9      | Paralysed by a hornet for 2 turns
 12854 | D:9      | Noticed t4s4d4r's ghost (novice OpSh)
 12934 | D:9      | Noticed Harold
 12953 | D:9      | Killed Harold
 13249 | D:10     | Entered Level 10 of the Dungeon
 13257 | D:10     | Noticed a two-headed ogre
 13567 | D:10     | Killed a two-headed ogre
 13727 | D:10     | Received a gift from Nemelex Xobeh
 13875 | D:10     | Reached skill level 5 in Poison Magic
 13939 | D:10     | Found a staircase to the Lair.
 14332 | D:10     | Found Hujyxog's Armour Emporium.
 14491 | D:10     | Received a gift from Nemelex Xobeh
 14724 | D:10     | Learned a level 5 spell: Lee's Rapid Deconstruction
 14729 | D:10     | Learned a level 4 spell: Olgreb's Toxic Radiance
 14795 | Orc:1    | Entered Level 1 of the Orcish Mines
 15036 | Orc:1    | Noticed an orc knight
 15196 | D:9      | Killed an orc knight
 15403 | Orc:1    | Noticed an orc knight
 15420 | Orc:1    | Killed an orc knight
 15614 | Orc:1    | Noticed an orc knight
 15624 | D:9      | HP: 6/84 [orc knight/+0 halberd (10)]
 15645 | D:9      | Killed an orc knight
 16109 | Orc:1    | Noticed an orc sorcerer
 16118 | Orc:1    | Noticed an orc high priest
 16122 | Orc:1    | Killed an orc sorcerer
 16335 | Orc:1    | Noticed a sun demon
 16470 | Orc:1    | Noticed a soul eater
 16625 | Orc:1    | Gained mutation: You have an extremely huge brain. (Int +4)
                  | [demonic ancestry]
 16625 | Orc:1    | Reached XP level 12. HP: 76/91 MP: 14/24
 16635 | Orc:1    | HP: 12/91 [hellwing[an orc high priest] (4)]
 16636 | Orc:1    | HP: 1/91 [red devil/+2 demon trident of venom[an orc high
                  | priest] (10)]
 16637 | Orc:1    | Succumbed to barbed spike wounds

Illustrated notes

Levels and vault maps discovered:
D:1:      amcnicky_arrival_choice, layout_basic,
          ebering_ecumenical_altar_abandoned
D:2:      layout_rooms, serial_bayou, serial_bayou_lagoon_a,
          serial_bayou_pond_a, serial_bayou_ford_a, serial_bayou_pond_e,
          chequers_serial_rivers_large_a, uniq_robin, uniq_terence, uniq_sigmund
D:3:      layout_loops_ring, uniq_natasha
D:4:      layout_loops_ring, kiku_gazebo_garden_becter,
          makhleb_altar_promises_db, mainiacjoe_overflow_two_lobes,
          nicolae_overflow_two_pavilions, st_stairs_3
D:5:      layout_basic, grunt_dithmenos_smoke_and_mirrors, gup_sewer_entry_bowl,
          kennysheep_another_room, due_unseen_surprise, uniq_grinder
D:6:      layout_basic, minmay_temple_entry_stoned_glass
D:7:      layout_rooms, uniq_duvessa, uniq_jeremiah
D:8:      layout_basic, nicolae_overflow_quartered_altars,
          nicolae_sif_muna_little_library, enter_bailey_2
D:9:      layout_roguey, vehumet_statue, fedhas_altar_1,
          minmay_orc_entry_guard_dogs, gammafunk_ghost_necromancy,
          dreamdust_wishing_well, uniq_joseph, uniq_harold
D:10:     layout_loops_ring, dpeg_oklobed_lair, serial_shops, shop,
          minmay_crystal_room
Temple:   hellmonk_temple_flake
Orc:1:    layout_diamond_mine, special_room [special_room_orc], uniq_urug

Skill      XL: |  1  2  3  4  5  6  7  8  9 10 11 |
---------------+----------------------------------+-----
Fighting       | 1 2 4 5 6 7 |  7.3
Stealth        | 2 3 |  3.3
Dodging        | 2 3 4 5 6 |  6.9
Earth Magic    | 3 4 5 6 7 |  7.2
Spellcasting   | 3 5 8 |  8.4
Conjurations   | 2 4 5 7 |  7.7
Invocations    | 8 |  8.4
Poison Magic   | 3 6 |  6.1
Transmutations | |  0.8

Action                     |  1- 3 |  4- 6 |  7- 9 | 10-12 || total
---------------------------+-------+-------+-------+-------++-------
  Melee: Dagger            |     2 |    28 |     6 |       ||    36
         Rapier            |       |       |    99 |   167 ||   266
  Throw: Dart              |       |       |       |     3 ||     3
   Cast: Sandblast         |    35 |    64 |    68 |    58 ||   225
         Stone Arrow       |     2 |    13 |    30 |    81 ||   126
         Brom's Barrelling |       |       |    36 |    56 ||    92
         Mephitic Cloud    |       |       |       |    14 ||    14
         Olgreb's Toxic Ra |       |       |       |    11 ||    11
         Petrify           |       |       |       |     3 ||     3
 Invoke: Draw Summoning    |       |       |       |     2 ||     2
         Draw Escape       |       |       |       |     1 ||     1
         Draw Destruction  |       |       |       |     1 ||     1
  Evoke: Wand              |       |       |    11 |     7 ||    18
    Use: Scroll            |       |       |    11 |     6 ||    17
         Potion            |       |       |       |     2 ||     2
   Stab: Sleeping          |       |     1 |     3 |       ||     4
         Confused          |       |       |       |     5 ||     5
         Petrified         |       |       |       |     4 ||     4
         Distracted        |       |       |       |     1 ||     1
 Armour: Robe              |    15 |     1 |       |       ||    16
         Leather armour    |       |    20 |   118 |   171 ||   309
  Dodge: Dodged            |    10 |    21 |    89 |   146 ||   266
  Block: Buckler           |     4 |     8 |    33 |    55 ||   100

Table legend: (Time is in decaauts)
 A = Elapsed time spent in this place.
 B = Non-inter-level travel time spent in this place.
 C = Inter-level travel time spent in this place.
 D = Time resting spent in this place.
 E = Time spent auto-exploring this place.
 F = Levels seen in this place.
 G = Mean time per level.
                   A        B        C        D        E       F      G
               +--------+--------+--------+--------+--------+-----+--------+
         Total |  16885 |  16393 |    492 |   5204 |   8158 |  13 | 1298.8 |
       Dungeon |  14861 |  14369 |    492 |   4138 |   7893 |  10 | 1486.1 |
        Temple |      1 |      1 |      0 |      0 |      0 |   1 |    1.0 |
  Orcish Mines |    410 |    410 |      0 |      0 |    218 |   1 |  410.0 |
        Bailey |   1612 |   1612 |      0 |   1066 |     47 |   1 | 1612.0 |
               +--------+--------+--------+--------+--------+-----+--------+

Top non-repeatable levels by time:
     D:9: 2926 daAuts
     D:6: 2172 daAuts
  Bailey: 1612 daAuts
     D:1: 1428 daAuts
    D:10: 1351 daAuts
     D:5: 1330 daAuts
     D:4: 1295 daAuts
     D:8: 1286 daAuts
     D:3: 1160 daAuts
     D:7: 955 daAuts
     D:2: 953 daAuts
   Orc:1: 410 daAuts
  Temple: 1 daAuts
